Map: Golden Wall LE

Players

LiquidClem (Clem)

  • Race: Terran Terran
  • League: Master
  • Spawn Location: 5:00

Reynor - Winner!

  • Race: Zerg Zerg
  • League: Master
  • Spawn Location: 7:00

Event: DreamHack SC2 Masters 2020 Fall

VOD

Have the link to the VOD?

Description

Time

  • Played on: Sept. 13, 2020, 4:08 p.m.
  • Length: 16:32

All games in this series

Show
View Real Time Build Order
Export as new Build Order

LiquidClem Terran 

Build Orders: Hellion Opening, Liberator Opening, Reaper Expand 

Get SALT Encoding   

  12  0:00  SCV  
  13  0:12  SCV  
  14  0:17  Supply Depot  
  14  0:24  SCV  
  15  0:39  SCV  
  15  0:41  Barracks  
  16  0:43  Refinery  
  16  0:51  SCV  
  17  1:03  SCV  
  18  1:15  SCV  
  19  1:28  Reaper, Orbital Command  
  20  1:40  Command Center  
  20  1:49  Supply Depot  
  20  1:53  SCV  
  21  1:59  Marine  
  22  2:05  SCV  
  23  2:12  Factory  
  23  2:17  SCV  
  23  2:19  Refinery  
  23  2:22  Barracks Reactor  
  25  2:30  SCV  
  25  2:42  SCV  
  26  2:54  SCV, Orbital Command  
  26  2:56  Starport  
  27  3:04  Hellion x2  
  31  3:06  SCV  
  31  3:12  Barracks Tech Lab  
  32  3:18  SCV, Supply Depot  
  33  3:20  SCV  
  33  3:26  Hellion x2  
  38  3:30  SCV  
  38  3:33  Viking  
  41  3:36  SCV  
  42  3:42  SCV, Supply Depot  
  42  3:48  Hellion x2  
  47  3:49  SCV  
  47  3:55  SCV  
  49  4:03  Liberator  
  49  4:04  SCV  
  49  4:05  Supply Depot  
  49  4:07  SCV  
  54  4:13  Hellion x2  
  54  4:16  SCV  
  59  4:20  SCV  
  59  4:22  Stimpack  
  60  4:31  Command Center  
  60  4:35  Hellion  
  60  4:36  Hellion  
  60  4:37  SCV  
  65  4:40  SCV  
  66  4:47  Starport Reactor  
  66  4:52  Supply Depot, Barracks  
  66  4:53  SCV x2  
  66  4:59  Barracks  
  68  5:05  Engineering Bay  
  68  5:06  SCV  
  69  5:07  Engineering Bay  
  69  5:09  Factory Tech Lab  
  69  5:12  Refinery x2, Marine  
  69  5:13  SCV  
  71  5:19  SCV  
  69  5:25  SCV  
  66  5:31  SCV  
  66  5:34  Terran Infantry Weapons Level 1, Terran Infantry Armor Level 1  
  66  5:35  Starport Reactor  
  65  5:37  Marine  
  65  5:38  SCV  
  67  5:43  SCV  
  67  5:44  Orbital Command  
  68  5:52  Marine  
  68  5:53  Marine x3  
  68  5:54  Barracks  
  68  5:55  Siege Tank  
  68  5:56  Barracks  
  70  5:57  SCV  
  70  5:58  Orbital Command  
  70  6:03  Marine  
  64  6:06  Combat Shield  
  64  6:07  SCV  
  64  6:09  SCV  
  64  6:10  Medivac, Marine  
  64  6:11  Medivac  
  69  6:12  Marine  
  69  6:13  Marine  
  69  6:14  Marine  
  69  6:17  Orbital Command  
  72  6:21  Marine  
  73  6:27  SCV x2, Armory  
  73  6:28  Marine  
  73  6:29  Siege Tank  
  73  6:30  Marine  
  73  6:31  Supply Depot  
  80  6:35  Marine  
  80  6:36  Marine  
  80  6:39  SCV x2  
  84  6:42  SCV  
  84  6:46  Barracks Reactor  
  84  6:47  Medivac, Supply Depot  
  88  6:49  Supply Depot  
  88  6:51  SCV x2  
  88  6:52  Medivac  
  88  6:53  Missile Turret  
  92  6:54  Barracks Reactor  
  92  6:55  Marine x2  
  92  6:57  SCV  
  92  6:59  Marine  
  95  7:03  SCV x2  
  95  7:05  Supply Depot, Marine x2  
  95  7:07  Widow Mine  
  101  7:10  Refinery  
  101  7:11  Supply Depot  
  101  7:13  Marine x2  
  101  7:14  SCV, Supply Depot  
  104  7:22  Factory  
  104  7:23  Marine  
  104  7:24  Marine x2  
  104  7:25  Marine x2  
  109  7:30  Marine  
  109  7:36  Widow Mine  
  112  7:37  Medivac  
  112  7:41  Command Center  
  112  7:43  Medivac  
  116  7:44  Marine  
  116  7:46  Terran Infantry Weapons Level 2  
  116  7:47  Supply Depot  
  116  7:49  Terran Infantry Armor Level 2  
  117  7:55  Marine x2  
  117  7:56  Marine x5  
  124  8:01  Supply Depot, Drilling Claws  
  124  8:06  Supply Depot, Factory Reactor  
  124  8:07  Supply Depot  
  124  8:10  SCV  
  124  8:12  SCV x2  
  127  8:14  Marine  
  127  8:16  Supply Depot, Marine x2  
  118  8:21  Siege Tank  
  118  8:23  Marine  
  118  8:24  Marine x3  
  118  8:26  Factory Tech Lab  
  122  8:27  Terran Vehicle Weapons Level 1, Marine  
  124  8:34  Marine x2  
  124  8:35  SCV  
  124  8:36  Marine  
  123  8:41  Marine x2  
  123  8:42  Marine x2  
  123  8:43  Liberator x2  
  123  8:45  Marine  
  123  8:46  Siege Tank  
  136  8:50  SCV x3  
  139  8:57  Marine  
  139  9:00  Marauder, Marine x3, Siege Tank  
  139  9:01  Marine x2  
  139  9:02  Marine  
  151  9:05  Marine  
  152  9:15  Marine  
  153  9:17  SCV, Planetary Fortress, Marine  
  153  9:18  Marine  
  153  9:19  SCV  
  153  9:21  Marauder  
  153  9:23  Marine  
  160  9:26  Sensor Tower  
  160  9:30  Barracks  
  160  9:31  Barracks  
  160  9:33  Marine x2  
  160  9:35  Barracks, Siege Tank  
  160  9:37  Siege Tank  
  160  9:38  SCV x2  
  170  9:39  SCV  
  170  9:40  Marine  
  170  9:43  Marauder  
  173  9:47  Medivac  
  173  9:49  Marine  
  173  9:50  SCV, Marine x2  
  173  9:51  Marine x2  
  173  9:52  SCV  
  182  9:53  SCV  
  182  9:56  Supply Depot  
  183  10:02  Command Center  
  183  10:03  Refinery  
  183  10:04  Marauder, Refinery  
  185  10:08  Siege Tank  
  188  10:15  Siege Tank  
  188  10:16  Marine  
  187  10:26  Marauder, Marine x3  
  187  10:27  Barracks Tech Lab x3  
  189  10:40  Siege Tank  
  192  10:47  Terran Infantry Weapons Level 3, Marauder, Siege Tank  
  194  10:51  Command Center, Marauder x3  
  197  11:01  Marine  
  197  11:08  Marauder  
  195  11:12  Marauder x2, Command Center  
  195  11:13  Command Center  
  199  11:18  Terran Infantry Armor Level 3  
  199  11:19  Ghost Academy  
  198  11:27  Marauder  
  200  11:44  Planetary Fortress  
  200  11:45  Command Center  
  200  11:46  Refinery  
  200  11:47  Refinery  
  200  12:05  Ghost  
  198  12:10  Siege Tank  
  198  12:12  Siege Tank  
  198  12:14  Ghost  
  196  12:16  Ghost  
  196  12:17  Missile Turret  
  196  12:18  Ghost  
  175  12:32  Orbital Command  
  175  12:33  Ghost  
  175  12:35  Orbital Command  
  159  12:38  Missile Turret  
  159  12:39  SCV x2  
  159  12:40  SCV x2  
  159  12:42  Siege Tank  
  159  12:43  Ghost  
  151  12:44  Ghost, Refinery  
  151  12:47  SCV, Marauder  
  153  12:54  Marine x2  
  153  12:58  Refinery  
  155  13:03  SCV, Marauder  
  155  13:04  SCV  
  147  13:06  Missile Turret  
  147  13:07  SCV, Siege Tank  
  147  13:08  Marauder, Marine x5  
  147  13:11  SCV, Ghost  
  161  13:14  Marauder  
  161  13:17  Marine  
  161  13:18  Orbital Command  
  164  13:24  Planetary Fortress, Marauder  
  164  13:27  SCV, Marine  
  167  13:28  Marine  
  167  13:29  Missile Turret  
  167  13:30  SCV x2, Marauder  
  167  13:31  SCV, Missile Turret  
  167  13:32  SCV  
  175  13:34  SCV  
  176  13:45  Siege Tank  
  160  13:50  Siege Tank  
  160  13:51  Marine  
  160  13:52  Marauder  
  160  13:54  Marine  
  147  13:58  Marine  
  147  13:59  SCV  
  147  14:01  Ghost x2  
  144  14:08  Marine x3  
  144  14:09  SCV  
  137  14:10  Concussive Shells  
  137  14:12  SCV x2  
  137  14:14  Refinery  
  137  14:15  SCV, Refinery, Marine x3  
  137  14:16  Marine  
  144  14:17  SCV, Siege Tank  
  144  14:18  Marine  
  144  14:22  Ghost  
  144  14:23  Marine  
  152  14:26  Marine  
  152  14:27  Marine x2  
  152  14:28  SCV  
  152  14:30  Siege Tank  
  152  14:31  SCV x2  
  155  14:33  Marine x3  
  155  14:35  SCV x2  
  155  14:36  SCV  
  155  14:38  Marine  
  161  14:39  SCV  
  161  14:41  SCV  
  164  14:46  Marine x2  
  164  14:48  Marine  
  164  14:49  SCV, Marine  
  164  14:50  SCV, Siege Tank  
  173  14:58  Marine  
  164  15:02  Siege Tank  
  164  15:06  Ghost  
  143  15:07  Marine x2  
  143  15:09  Ghost  
  143  15:11  Ghost  
  143  15:12  Marine  
  134  15:14  SCV, Marauder  
  134  15:15  Marine x2  
  134  15:18  SCV  
  134  15:20  SCV  
  137  15:22  SCV, Siege Tank  
  137  15:28  SCV x2  
  140  15:30  Missile Turret, Marine x4  
  140  15:34  Marine  
  140  15:35  Ghost  
  147  15:36  Marauder  
  147  15:37  Medivac  
  147  15:39  Factory Tech Lab  
  147  15:40  Marine x2, Sensor Tower  
  155  15:43  Marauder x2  
  155  15:45  Missile Turret  
  157  15:52  SCV x2  
  157  15:54  SCV x2, Widow Mine  
  157  15:56  Ghost  
  165  16:00  SCV  
  166  16:04  Marauder  
  166  16:07  Marine  
  166  16:09  Marauder  
  149  16:16  SCV x2  
Show
View Real Time Build Order
Export as new Build Order

Reynor Zerg - Winner!

Build Orders: Hatch First, Lurkers 

Get SALT Encoding   

  12  0:00  Drone  
  13  0:12  Overlord  
  13  0:17  Drone  
  14  0:30  Drone x2  
  16  0:50  Hatchery  
  16  0:52  Drone  
  16  0:55  Drone  
  17  0:58  Drone  
  18  1:08  Extractor  
  17  1:14  Spawning Pool  
  17  1:17  Drone  
  17  1:20  Drone  
  18  1:28  Drone  
  19  1:39  Drone  
  20  1:49  Drone  
  21  2:01  Queen  
  21  2:02  Zergling x4, Queen  
  27  2:15  Hatchery  
  26  2:21  Overlord  
  26  2:25  Drone  
  26  2:27  Drone  
  27  2:40  Drone x3  
  27  2:42  Metabolic Boost  
  30  2:49  Queen  
  32  2:51  Drone  
  32  2:56  Overlord  
  33  2:59  Drone  
  33  3:01  Drone  
  35  3:13  Overlord  
  35  3:14  Drone x2  
  35  3:18  Drone  
  38  3:22  Drone  
  38  3:23  Drone x2  
  38  3:26  Queen  
  41  3:29  Drone  
  41  3:32  Drone x2  
  46  3:36  Queen  
  48  3:41  Drone  
  48  3:42  Drone  
  48  3:43  Overlord  
  48  3:45  Zergling x2  
  51  3:50  Zergling x4  
  51  3:54  Overlord  
  53  4:00  Zergling x2  
  53  4:01  Drone x4  
  53  4:02  Drone  
  59  4:05  Drone  
  59  4:07  Overlord  
  60  4:14  Queen  
  60  4:15  Drone, Baneling Nest  
  62  4:19  Drone x3  
  65  4:24  Extractor  
  65  4:25  Zergling x6  
  65  4:29  Lair  
  65  4:30  Drone  
  68  4:33  Spore Crawler, Drone  
  68  4:35  Drone  
  68  4:38  Drone  
  70  4:43  Drone x4  
  74  4:45  Overlord  
  74  4:51  Spore Crawler  
  74  4:52  Spore Crawler  
  72  4:55  Zergling x4  
  72  4:58  Overlord  
  74  5:02  Overlord  
  74  5:03  Queen  
  74  5:04  Drone x2  
  74  5:06  Drone x2  
  80  5:07  Drone  
  80  5:09  Drone  
  80  5:10  Overlord  
  82  5:17  Zergling x6  
  82  5:20  Zergling x6  
  83  5:22  Zergling x8  
  83  5:24  Evolution Chamber  
  78  5:29  Zergling x4  
  78  5:30  Drone  
  78  5:36  Drone x2  
  78  5:37  Drone x2  
  81  5:43  Drone  
  81  5:45  Drone  
  82  5:52  Drone x2  
  82  5:53  Centrifical Hooks  
  82  6:01  Drone x2  
  82  6:02  Drone x3  
  82  6:04  Drone  
  84  6:05  Hatchery  
  84  6:10  Drone  
  84  6:11  Evolution Chamber, Extractor x2  
  84  6:12  Evolution Chamber  
  84  6:13  Drone x2  
  82  6:23  Drone  
  82  6:24  Drone  
  84  6:26  Drone, Extractor  
  84  6:27  Drone x4  
  84  6:28  Zergling x2, Extractor  
  84  6:29  Zergling x2  
  84  6:32  Pneumatized Carapace  
  89  6:35  Zergling x2  
  89  6:36  Zergling x2  
  89  6:39  Zerg Melee Weapons Level 1, Zerg Ground Armor Level 1  
  91  6:40  Drone  
  91  6:45  Overlord  
  92  6:47  Zergling x2  
  92  6:52  Zergling x8  
  97  6:56  Overlord  
  97  7:00  Zergling x12, Hydralisk Den  
  102  7:02  Zergling x2  
  102  7:08  Zergling x2  
  104  7:11  Drone x2  
  106  7:19  Baneling x4  
  106  7:20  Queen  
  106  7:21  Zergling x6  
  113  7:22  Drone x2  
  113  7:23  Drone  
  113  7:24  Overlord  
  113  7:26  Drone x4  
  113  7:28  Zergling x4  
  113  7:29  Baneling x2  
  120  7:34  Zergling x6  
  120  7:39  Muscular Augments  
  120  7:40  Baneling x2  
  120  7:41  Overlord, Baneling  
  120  7:46  Hydralisk x3  
  120  7:49  Baneling x3  
  125  7:51  Hydralisk x2  
  125  7:52  Zergling x4  
  125  7:55  Zergling x2, Hydralisk  
  125  7:56  Zergling x4  
  135  7:59  Drone x3  
  135  8:00  Drone  
  135  8:03  Drone x2  
  141  8:07  Overlord  
  141  8:11  Hydralisk  
  143  8:16  Overlord  
  135  8:25  Hydralisk x4  
  141  8:27  Drone x4  
  141  8:30  Overlord  
  143  8:35  Zergling x20  
  143  8:37  Zergling x2  
  143  8:38  Baneling x4  
  143  8:39  Hatchery, Zerg Melee Weapons Level 2  
  143  8:41  Infestation Pit  
  149  8:48  Hydralisk  
  149  8:49  Zergling x6, Hydralisk  
  149  8:50  Zergling x4  
  149  8:52  Baneling x2  
  149  8:53  Zerg Missile Weapons Level 1  
  158  9:01  Drone x4  
  162  9:06  Spore Crawler  
  162  9:07  Overlord, Spore Crawler  
  162  9:08  Drone  
  161  9:11  Zergling x8  
  161  9:14  Drone  
  161  9:16  Baneling x3  
  166  9:17  Hive  
  166  9:18  Spore Crawler, Drone  
  166  9:19  Overlord  
  166  9:21  Spore Crawler  
  166  9:22  Drone  
  166  9:23  Drone  
  166  9:24  Lurker Den, Extractor  
  166  9:25  Drone x3, Extractor  
  166  9:26  Drone x3  
  171  9:31  Drone x2  
  171  9:36  Zergling x6  
  171  9:37  Zergling x4  
  177  9:42  Hydralisk  
  177  9:43  Zergling x6  
  180  9:45  Drone x2  
  180  9:48  Overlord  
  180  9:49  Drone x2  
  180  9:50  Drone  
  185  9:56  Overlord  
  185  9:57  Spore Crawler x2, Drone x3  
  185  9:59  Spore Crawler  
  185  10:02  Grooved Spines  
  185  10:03  Drone x3  
  185  10:05  Spore Crawler  
  185  10:06  Spore Crawler  
  185  10:07  Zergling x6  
  185  10:13  Baneling  
  185  10:14  Baneling x6  
  188  10:17  Zergling x20  
  192  10:26  Spore Crawler, Baneling x6  
  192  10:27  Overlord  
  191  10:29  Drone x2  
  195  10:35  Lurker x2  
  195  10:36  Lurker x4  
  195  10:37  Baneling x7  
  195  10:42  Lurker  
  200  10:43  Overlord  
  200  10:45  Extractor  
  200  10:48  Evolution Chamber  
  196  10:59  Viper  
  196  11:03  Lurker  
  194  11:16  Viper x2, Seismic Spines  
  199  11:18  Hatchery  
  199  11:22  Drone  
  199  11:24  Extractor  
  191  11:33  Drone x4  
  191  11:34  Overlord  
  191  11:38  Lurker x3  
  191  11:39  Lurker x2  
  198  11:41  Hydralisk  
  198  11:44  Zerg Ground Armor Level 2  
  198  11:45  Zerg Melee Weapons Level 3  
  195  12:02  Zergling x10  
  195  12:07  Zergling x4  
  200  12:13  Adaptive Talons  
  200  12:14  Zergling x8  
  197  12:18  Zergling x2  
  197  12:19  Zergling x6  
  196  12:25  Zergling x16  
  192  12:31  Zergling x14  
  192  12:32  Zergling x6  
  190  12:37  Hydralisk  
  190  12:38  Zergling x8  
  190  12:39  Zergling x8  
  197  12:48  Hatchery  
  197  12:49  Extractor  
  197  12:50  Zergling x16  
  200  12:56  Baneling x4  
  200  13:04  Hydralisk  
  200  13:05  Zergling x28  
  199  13:07  Baneling x7  
  199  13:08  Baneling x6  
  199  13:15  Overlord  
  196  13:29  Adrenal Glands  
  196  13:32  Extractor  
  194  13:34  Hydralisk x2  
  194  13:35  Zergling x2, Spore Crawler  
  198  13:48  Zergling x8, Hydralisk  
  171  13:49  Zergling x44  
  171  13:53  Zergling x2, Hydralisk  
  187  13:57  Hydralisk  
  187  14:00  Zergling x4  
  179  14:04  Hydralisk  
  179  14:05  Zergling x6  
  179  14:07  Hydralisk  
  179  14:08  Zergling x10  
  179  14:09  Zergling x8, Hydralisk  
  187  14:15  Drone x2  
  187  14:18  Queen, Drone x2  
  187  14:19  Lurker x4  
  187  14:20  Lurker x2  
  187  14:21  Baneling x16  
  197  14:24  Zergling x10  
  197  14:30  Zergling x4, Hydralisk  
  195  14:31  Hydralisk  
  195  14:32  Zergling x6  
  195  14:34  Baneling  
  195  14:35  Baneling x19  
  195  14:37  Extractor  
  199  14:39  Extractor  
  199  14:42  Zergling x4  
  192  14:58  Hydralisk  
  192  14:59  Zergling x28  
  191  15:01  Zergling x4, Hydralisk  
  191  15:02  Zergling x2  
  191  15:06  Zergling x14, Hydralisk  
  192  15:07  Zergling x8  
  192  15:09  Hydralisk  
  192  15:12  Zergling x6  
  179  15:16  Hydralisk  
  179  15:20  Zergling x2, Hydralisk  
  181  15:22  Hydralisk  
  181  15:23  Queen, Drone x2  
  181  15:24  Drone  
  181  15:26  Hydralisk  
  181  15:28  Lurker x5  
  191  15:29  Lurker x2  
  191  15:30  Zergling x10  
  199  15:38  Overlord  
  199  15:40  Baneling  
  199  15:41  Baneling x4  
  199  15:52  Spore Crawler  
  199  15:53  Spore Crawler x2  
  199  15:55  Zergling x2  
  199  15:56  Zergling x4  
  199  16:03  Zergling x16  
  199  16:10  Zergling x30  
  199  16:11  Zergling x2  
  199  16:14  Zergling x2  

Tags
 
Add a new tag
Caveats
  • Supply blocks, unpowered buildings, or Contaminate may cause inaccurate times.
  • Supply counts are checked every 10 seconds.